 Dungeon Crawl Stone Soup version 0.30-a0-1094-g860fb061e7 (webtiles) character file.

Game seed: 1104228550872263011

1026 Esekla the Covert (level 8, -13/54 HPs)
             Began as an Octopode Delver on Apr 17, 2023.
             Was an Initiate of Gozag.
             Mangled by an iguana (14 damage)
             ... on level 6 of the Dungeon.
             The game lasted 00:24:54 (4414 turns).

Esekla the Covert (Octopode Delver)                 Turns: 4414, Time: 00:24:55

Health: -13/54     AC:  1    Str: 11    XL:     8   Next: 23%
Magic:  7/11       EV: 14    Int: 14    God:    Gozag
Gold:   736        SH:  0    Dex: 14    Spells: 5/11 levels left

rFire   . . .      SeeInvis .    a - +0 falchion
rCold   . . .      Faith    .    (no shield)
rNeg    . . .      Spirit   .    (helmet restricted)
rPois   .          Reflect  .    (no amulet)
rElec   .          Rampage  .    l - ring of wizardry
rCorr   .                        (no ring)
Will    .....                    (no ring)
Stlth   +++++                    (no ring)
HPRegen 0.29/turn                (no ring)
MPRegen 0.12/turn                (no ring)
                                 (no ring)
                                 (no ring)

@: about to teleport, marked
A: almost no armour, amphibious, 8 rings, camouflage 1, gelatinous body 1,
(nimble swimmer 1), tentacles
a: Renounce Religion, Potion Petition, Call Merchant, Bribe Branch


You were on level 6 of the Dungeon.
You worshipped Gozag.
Gozag was pleased with you.
You visited 2 branches of the dungeon, and saw 8 of its levels.

You collected 744 gold pieces.
You paid 8 gold pieces to Gozag.

Inventory:

Hand Weapons
 a - a +0 falchion (weapon)
 s - a +0 dagger
Missiles
 c - 7 poisoned darts (quivered)
Jewellery
 l - a ring of wizardry (left tentacle)
Wands
 f - a wand of digging (3)
 i - a wand of flame (10)
Scrolls
 b - 4 scrolls of fog
 e - a scroll of silence {unknown}
 k - 3 scrolls of identify
 m - a scroll of noise {unknown}
 p - a scroll of vulnerability {unknown}
 r - a scroll of teleportation
 t - a scroll of blinking {unknown}
Potions
 g - 3 potions of lignification
 h - a potion of attraction {unknown}
 j - a potion of magic {unknown}
 n - a potion of might {unknown}
 o - 2 potions of ambrosia
 q - a potion of cancellation {unknown}


   Skills:
 * Level 4.1 Fighting
 + Level 0.5(3.2) Short Blades
 * Level 5.1(5.2) Long Blades
 + Level 0.1 Throwing
 * Level 4.0 Dodging
 + Level 8.4 Stealth
 * Level 2.4 Spellcasting
 * Level 2.9 Air Magic
 * Level 2.8 Poison Magic


You had 5 spell levels left.
You knew the following spells:

 Your Spells              Type           Power      Damage    Failure   Level
v - Poisonous Vapours     Pois/Air       18%        N/A       4%          2
x - Olgreb's Toxic Radia  Pois           9%         N/A       26%         4

Your spell library contained the following spells:

 Spells                   Type           Power      Damage    Failure   Level
 Sting                    Tmut/Pois      20%        1d4       5%          1
 Kiss of Death            Conj/Necr      4%         2d5       9%          1
 Call Canine Familiar     Summ           1%         N/A       26%         3
 Confusing Touch          Hex            1%         N/A       26%         3
 Portal Projectile        Hex/Tloc       2%         N/A       26%         3
 Tukima's Dance           Hex            1%         N/A       26%         3
 Dispel Undead            Necr           1%         3d6       63%         4
 Leda's Liquefaction      Hex/Erth       0%         N/A       63%         4
 Blade Hands              Tmut           0%         N/A       91%         5


Dungeon Overview and Level Annotations

Branches:
Dungeon (7/15)             Temple (1/1) D:5

Altars:
Ashenzari
Fedhas
Gozag
Uskayaw
Vehumet
Wu Jian
Zin
The Shining One

Annotations:
D:3 4 runed translucent doors, Crazy Yiuf; Sleet's ghost, amateur FoFi


Innate Abilities, Weirdness & Mutations

You cannot wear most types of armour.
You are amphibious.
You can wear up to eight rings at the same time.
Your skin changes colour to match your surroundings (Stealth+).
Your rubbery body absorbs attacks. (AC +1, EV +1)
((You are camouflaged when in or above water. (Stealth+)))
You have tentacles for arms and can constrict up to eight enemies at once.


Message History

The bullfrog looks even sicker.
The black bear looks even sicker.
The bullfrog looks even sicker.
You hit the bullfrog. Your grab misses the bullfrog.
The bullfrog is moderately wounded.
The bullfrog looks as sick as possible!
Your toxic aura wanes.
The bullfrog closely misses you. x2
You hit the bullfrog.
You kill the bullfrog!
An iguana comes into view.
You see here 6 gold pieces.
The iguana closely misses you.
There is a stone staircase leading up here.
The iguana bites you.
You climb upwards.
Found a ring mail.
There is a stone staircase leading down here.
As you read the scroll labelled DOLIYRRIKK, it crumbles to dust.
It is a scroll of identify.
r - 2 scrolls of teleportation The orc wizard gestures wildly while chanting.
The orc wizard flickers and vanishes!
Deactivating autopickup; reactivate with Ctrl-A.
The iguana bites you.
As you read the scroll of teleportation, it crumbles to dust.
You feel strangely unstable. The orc closely misses you.
The orc priest hits you with a +0 war axe.
The iguana barely misses you.
You feel much better.
The orc priest calls down the wrath of Beogh upon you.
Beogh smites you!
A magic dart appears from out of thin air!
The magic dart hits you! The iguana bites you!
* * * LOW HITPOINT WARNING * * *
The orc closely misses you. The iguana barely misses you.
The orc attacks as you move away! The orc hits you with a +0 flail!
* * * LOW HITPOINT WARNING * * *
The iguana attacks as you move away! The iguana bites you!
You die...
Your body crumbles into a pile of gold.

##?......##
#.[.......#
#.........#
#....[....#
#......<..#
#..>......#
##.?.....##
.###..ool.##
.......@###
.........#
.........#
.........#
.........#
.........#
..[.....#
#.......#


You could see an iguana, an orc priest and an orc.

Vanquished Creatures
  An ogre (D:5)
  2 centaurs (D:5)
  A phantom (D:5)
  2 bullfrogs
  2 scorpions
  3 hounds
  2 jellies (D:4)
  2 iguanas
  3 orc wizards
  A sleepcap (D:4)
  Robin (D:3)
  6 adders
  An ufetubus (D:5)
  3 worms
  3 dart slugs
  10 orcs
  7 ball pythons
  4 endoplasms
  4 giant cockroaches
  15 goblins
  6 hobgoblins
  2 quokkas (D:2)
  3 bats
  A frilled lizard (D:3)
  8 kobolds
  5 rats
98 creatures vanquished.

Vanquished Creatures (others)
  66 fungi
  A plant (D:3)
67 creatures vanquished.

Grand Total: 165 creatures vanquished

Notes
Turn   | Place    | Note
-------+----------+-------------------------------------------
     0 | D:5      | Esekla the Octopode Delver began the quest for the Orb.
     0 | D:5      | Reached XP level 1. HP: 16/16 MP: 1/1
     9 | D:5      | Noticed an ogre
    30 | D:5      | Found a glowing golden altar of the Shining One.
    33 | D:5      | Noticed an orc wizard
    45 | D:5      | Noticed a phantom
    59 | D:5      | Reached XP level 2. HP: 14/21 MP: 2/2
   142 | D:5      | Found a staircase to the Ecumenical Temple.
   164 | Temple   | Entered the Ecumenical Temple
   376 | D:5      | Noticed a bullfrog
   377 | D:5      | Found a broken altar of Ashenzari.
   426 | D:5      | Reached skill level 7 in Stealth
   490 | D:5      | Reached XP level 3. HP: 10/26 MP: 2/4
   674 | D:5      | Noticed a centaur
   736 | Temple   | Became a worshipper of Gozag Ym Sagoz the Greedy
   831 | D:3      | Found a glowing silver altar of Zin.
   832 | D:3      | Noticed Robin
   893 | D:3      | Learned a level 2 spell: Poisonous Vapours
  1034 | D:2      | Reached XP level 4. HP: 17/31 MP: 5/5
  1189 | D:2      | Reached skill level 1 in Spellcasting
  1391 | D:1      | Found a faded altar of an unknown god.
  1999 | D:3      | Found a runed translucent gate.
  1999 | D:3      | Found a runed translucent gate.
  1999 | D:3      | Found a runed translucent gate.
  2001 | D:3      | Noticed Sleet's ghost (amateur FoFi)
  2004 | D:3      | Noticed a kobold brigand
  2076 | D:3      | Reached skill level 1 in Poison Magic
  2087 | D:3      | Reached skill level 1 in Air Magic
  2087 | D:3      | Reached XP level 5. HP: 29/36 MP: 6/6
  2168 | D:3      | Killed Robin
  2479 | D:3      | Found a runed translucent door.
  2480 | D:3      | Noticed Crazy Yiuf
  2715 | D:4      | Reached XP level 6. HP: 42/42 MP: 7/7
  2926 | D:4      | Learned a level 4 spell: Olgreb's Toxic Radiance
  3078 | D:4      | Reached skill level 8 in Stealth
  3256 | D:4      | Reached XP level 7. HP: 43/47 MP: 9/9
  4153 | D:5      | Reached skill level 5 in Long Blades
  4153 | D:5      | Reached XP level 8. HP: 54/54 MP: 11/11
  4393 | D:7      | Found a radiant altar of Vehumet.
  4414 | D:6      | HP: 1/54 [orc/+0 flail (7)]
  4414 | D:6      | Mangled by an iguana

Illustrated notes

Levels and vault maps discovered:
D:1:      psy_arrival_spokes, layout_basic,
          shapermc_ecumenical_altar_starsandcircs
D:2:      layout_loops_cross, chequers_serial_rivers_small_3
D:3:      layout_basic, mainiacjoe_overflow_concentric_impassable,
          gammafunk_ghost_nasty_kobolds, uniq_robin, uniq_crazy_yiuf_cottage
D:4:      layout_cave_pools, nicolae_hexahallways
D:5:      minmay_angry_zag, layout_rooms, mainiacjoe_overflow_catch_the_wave,
          minmay_temple_entry_antechambers, nicolae_figureground_pulse
D:6:      layout_rooms, nicolae_ru_sacrificial_ziggurat,
          nzn_hepliaklqana_mist_gate, kb_lookout_dungeons_type,
          uniq_prince_ribbit1, uniq_eustachio
D:7:      layout_loops_cross, nicolae_vehumet_radiance
Temple:   zaba_magenta_temple

Skill      XL: |  1  2  3  4  5  6  7  8 |
---------------+-------------------------+-----
Stealth        | 7 8 |  8.4
Spellcasting   | 1 2 |  2.4
Poison Magic   | 1 2 |  2.8
Air Magic      | 1 2 |  2.9
Long Blades    | 3 4 5 |  5.1
Dodging        | 3 4 |  4.0
Fighting       | 4 |  4.1
Short Blades   | |  0.5
Throwing       | |  0.1

Action                     |  1- 3 |  4- 6 |  7- 9 || total
---------------------------+-------+-------+-------++-------
  Melee: Falchion          |    30 |   118 |    35 ||   183
         Constrict         |     4 |    31 |     6 ||    41
         Tentacles         |     3 |    25 |    12 ||    40
         Dagger            |     1 |    21 |     6 ||    28
         Punch             |       |     2 |       ||     2
  Throw: Dart              |       |     4 |       ||     4
   Cast: Poisonous Vapours |     1 |     4 |    15 ||    20
         Olgreb's Toxic Ra |       |       |     1 ||     1
  Evoke: Wand              |       |       |     2 ||     2
    Use: Scroll            |     2 |       |     2 ||     4
         Potion            |     1 |     3 |     2 ||     6
   Stab: Sleeping          |     3 |    19 |     4 ||    26
         Distracted        |       |     1 |       ||     1
 Armour: Skin              |     1 |    26 |     5 ||    32
  Dodge: Dodged            |    16 |    74 |    30 ||   120

Table legend: (Time is in decaauts)
 A = Elapsed time spent in this place.
 B = Non-inter-level travel time spent in this place.
 C = Inter-level travel time spent in this place.
 D = Time resting spent in this place.
 E = Time spent auto-exploring this place.
 F = Levels seen in this place.
 G = Mean time per level.
                   A        B        C        D        E       F      G
               +--------+--------+--------+--------+--------+-----+--------+
         Total |   4384 |   4278 |    106 |    972 |   1060 |   8 |  548.0 |
       Dungeon |   4373 |   4271 |    102 |    972 |   1060 |   7 |  624.7 |
        Temple |     11 |      7 |      4 |      0 |      0 |   1 |   11.0 |
               +--------+--------+--------+--------+--------+-----+--------+

Top non-repeatable levels by time:
     D:5: 1579 daAuts
     D:4: 954 daAuts
     D:3: 827 daAuts
     D:2: 572 daAuts
     D:1: 399 daAuts
     D:6: 23 daAuts
     D:7: 15 daAuts
  Temple: 11 daAuts
